BSA
GREENVILLE 84S @ ST. LOUIS BROWNS
09/19/2024
 
TOP OF THE 1ST
Greenville 84s batting - Pitching for St. Louis Browns : RHP Nelson Ortega
Pitching: RHP Nelson Ortega
Batting: RHB Carlos Torres 0-0: Fly out, F5 (Popup, 5SF)
Batting: LHB Chris Moore 0-0: Swinging Strike
0-1: Foul Ball, location: 2F
0-2: Foul Ball, location: 2F
0-2: Ball
1-2: Fly out, F7 (Flyball, 78M)
Batting: RHB Enzo Díaz 0-0: Ball
1-0: Swinging Strike
1-1: Ball
2-1: Ball
3-1: Base on Balls
Batting: LHB Jimmy Vickers 0-0: Ball
1-0: Foul Ball, location: 2F
1-1: Ball
2-1: Foul Ball, location: 2F
2-2: Fielders Choice at 2nd, 5-4 (Groundball, 56)
Top of the 1st over - 0 run(s), 0 hit(s), 0 error(s), 0 left on base; Greenville 0 - St. Louis 0
BOTTOM OF THE 1ST
St. Louis Browns batting - Pitching for Greenville 84s : RHP Andrés Vázquez
Pitching: RHP Andrés Vázquez
Batting: LHB Joe Sanders 0-0: Called Strike
0-1: Ball
1-1: Foul Ball, location: 2F
1-2: Ball
2-2: DOUBLE (Line Drive, 3)
Batting: LHB Mike Hill 0-0: Ball
1-0: SINGLE (Groundball, 34D) (infield hit)
Joe Sanders to third
Batting: LHB Mario García 0-0: Ball
1-0: Ball
2-0: Ball
3-0: Called Strike
3-1: Foul Ball, location: 2F
3-2: Fielders Choice at 2nd, 4-6 (Groundball, 4)
Joe Sanders scores
Batting: LHB Stan Hickman 0-0: Ball
1-0: Called Strike
1-1: Ball
2-1: Ball
3-1: Called Strike
3-2: Base on Balls
Mario García to second
Batting: LHB Jorge Torres 0-0: Ball
1-0: Foul Ball, location: 2F
1-1: Fly out, F3 (Popup, 34S)
Batting: LHB Héctor Núñez 0-0: Called Strike
0-1: Ball
1-1: Ball
2-1: Ball
3-1: Fielders Choice at 2nd, U6 (Groundball, 6M)
Bottom of the 1st over - 1 run(s), 2 hit(s), 0 error(s), 2 left on base; Greenville 0 - St. Louis 1
TOP OF THE 2ND
Greenville 84s batting - Pitching for St. Louis Browns : RHP Nelson Ortega
Batting: LHB Paco Rosas 0-0: Ball
1-0: Called Strike
1-1: Foul Ball, location: 2F
1-2: Strikes out swinging
Batting: LHB Kiyonaga Morita 0-0: Foul Ball, location: 2F
0-1: Foul Ball, location: 2F
0-2: Ball
1-2: Ball
2-2: Foul Ball, location: 2F
2-2: Foul Ball, location: 2F
2-2: SINGLE (Groundball, 13) (infield hit)
Pitching: RHP Ramón Silva
Batting: LHB Vicente Bueno 0-0: Ball
1-0: Foul Ball, location: 2F
1-1: Fielders Choice at 2nd, 2-6 (Groundball, 2L)
Batting: LHB Al Mills 0-0: Ball
1-0: Ball
2-0: Fielders Choice at 2nd, U6 (Groundball, 6M)
Top of the 2nd over - 0 run(s), 1 hit(s), 0 error(s), 1 left on base; Greenville 0 - St. Louis 1
BOTTOM OF THE 2ND
St. Louis Browns batting - Pitching for Greenville 84s : RHP Andrés Vázquez
Batting: RHB Will Brown 0-0: SOLO HOME RUN (Flyball, 7D), Distance : 373 ft
Batting: LHB Víctor Hernández 0-0: Fly out, F7 (Line Drive, 7D)
Batting: RHB Mario Rosales 0-0: Ball
1-0: Swinging Strike
1-1: Called Strike
1-2: Ball
2-2: Ball
3-2: Foul Ball, location: 2F
3-2: Ground out 5-3 (Groundball, 5L)
Batting: LHB Joe Sanders 0-0: Ball
1-0: Ball
2-0: Ball
3-0: Base on Balls
Batting: LHB Mike Hill 0-0: Called Strike
0-1: Ball
1-1: Ball
2-1: Ground out 6-3 (Groundball, 6)
Bottom of the 2nd over - 1 run(s), 1 hit(s), 0 error(s), 1 left on base; Greenville 0 - St. Louis 2
TOP OF THE 3RD
Greenville 84s batting - Pitching for St. Louis Browns : RHP Ramón Silva
Batting: LHB Brock Larsen 0-0: Foul Ball, location: 2F
0-1: Called Strike
0-2: Strikes out swinging
Batting: RHB Carlos Torres 0-0: Called Strike
0-1: Ball
1-1: Bunt missed!
1-2: Fly out, F8 (Flyball, 8LS)
Batting: LHB Chris Moore 0-0: Foul Ball, location: 2F
0-1: Ground out 4-3 (Groundball, 4)
Top of the 3rd over - 0 run(s), 0 hit(s), 0 error(s), 0 left on base; Greenville 0 - St. Louis 2
BOTTOM OF THE 3RD
St. Louis Browns batting - Pitching for Greenville 84s : RHP Andrés Vázquez
Batting: LHB Mario García 0-0: Swinging Strike
0-1: Ground out U3 (Groundball, 3)
Batting: LHB Stan Hickman 0-0: Ball
1-0: Ball
2-0: Foul Ball, location: 2F
2-1: Foul Ball, location: 2F
2-2: Ball
3-2: SINGLE (Groundball, 56D) (infield hit)
Pinch Runner at 1st Richard Coker:
Batting: LHB Jorge Torres 0-0: SINGLE (Line Drive, 7LS)
Richard Coker to second
Batting: LHB Héctor Núñez 0-0: Foul Ball, location: 2F
0-1: Ball
1-1: Foul Ball, location: 2F
1-2: Ball
2-2: Fielders Choice at 2nd, 6-4 (Groundball, 6M)
Richard Coker to third
Batting: RHB Will Brown 0-0: Called Strike
0-1: Ball
1-1: Ball
2-1: Called Strike
2-2: Strikes out swinging
Bottom of the 3rd over - 0 run(s), 2 hit(s), 0 error(s), 2 left on base; Greenville 0 - St. Louis 2
TOP OF THE 4TH
Greenville 84s batting - Pitching for St. Louis Browns : RHP Ramón Silva
Batting: RHB Enzo Díaz 0-0: Ball
1-0: Ball
2-0: Called Strike
2-1: Swinging Strike
2-2: Ball
3-2: Foul Ball, location: 2F
3-2: DOUBLE (Line Drive, 7LM)
Batting: LHB Jimmy Vickers 0-0: Foul Ball, location: 2F
0-1: Foul Ball, location: 2F
0-2: Strikes out swinging
Batting: LHB Paco Rosas 0-0: Ball
1-0: Called Strike
1-1: Ball
2-1: Called Strike
2-2: Foul Ball, location: 2F
2-2: Foul Ball, location: 2F
2-2: Ball
3-2: DOUBLE (Flyball, 89XD)
Enzo Díaz scores
Batting: LHB Kiyonaga Morita 0-0: Called Strike
0-1: Foul Ball, location: 2F
0-2: Ball
1-2: Fly out, F7 (Flyball, 78M)
Batting: LHB Vicente Bueno 0-0: Ball
1-0: Ball
2-0: Foul Ball, location: 2F
2-1: Ball
3-1: Foul Ball, location: 2F
3-2: Fly out, F9 (Flyball, 9D)
Top of the 4th over - 1 run(s), 2 hit(s), 0 error(s), 1 left on base; Greenville 1 - St. Louis 2
BOTTOM OF THE 4TH
St. Louis Browns batting - Pitching for Greenville 84s : RHP Andrés Vázquez
Batting: LHB Víctor Hernández 0-0: Ball
1-0: Foul Ball, location: 2F
1-1: Called Strike
1-2: Ball
2-2: Foul Ball, location: 2F
2-2: Ground out 1-3 (Groundball, 23)
Batting: RHB Mario Rosales 0-0: Swinging Strike
0-1: Fly out, F8 (Flyball, 8LXD)
Batting: LHB Joe Sanders 0-0: Called Strike
0-1: Foul Ball, location: 2F
0-2: Foul Ball, location: 2F
0-2: Ball
1-2: Foul Ball, location: 2F
1-2: Ball
2-2: Ball
3-2: SINGLE (Groundball, 6MD)
Batting: LHB Mike Hill 0-0: Called Strike
0-1: Ball
1-1: Swinging Strike
1-2: Ball
2-2: Ball
3-2: DOUBLE (Line Drive, 3D)
Joe Sanders to third
Joe Sanders scores
Pitching: RHP Marcos Pineda
Batting: LHB Mario García 0-0: Called Strike
0-1: Ball
1-1: Foul Ball, location: 2F
1-2: SINGLE (Flyball, 7S)
Mike Hill to third
Runner from 3rd tries for Home, SAFE, no throw or cutoff
Batting: RHB Richard Coker 0-0: Ball
1-0: Called Strike
1-1: Ball
2-1: Foul Ball, location: 2F
2-2: Foul Ball, location: 2F
2-2: 2-RUN HOME RUN (Flyball, 7D), Distance : 386 ft
Batting: LHB Jorge Torres 0-0: Swinging Strike
0-1: Called Strike
0-2: Fly out, F9 (Flyball, 89M)
Bottom of the 4th over - 4 run(s), 4 hit(s), 0 error(s), 0 left on base; Greenville 1 - St. Louis 6
TOP OF THE 5TH
Greenville 84s batting - Pitching for St. Louis Browns : RHP Ramón Silva
Batting: LHB Al Mills 0-0: Ball
1-0: Called Strike
1-1: Ball
2-1: Called Strike
2-2: Fly out, F4 (Line Drive, 4)
Batting: LHB Brock Larsen 0-0: Called Strike
0-1: SINGLE (Groundball, 6M) (infield hit)
Batting: RHB Carlos Torres 0-0: Ball
1-0: Fly out, F4 (Popup, 3F)
Pitching: RHP John Allan
Batting: LHB Chris Moore Pickoff Throw to First - Out!
Top of the 5th over - 0 run(s), 1 hit(s), 0 error(s), 0 left on base; Greenville 1 - St. Louis 6
BOTTOM OF THE 5TH
St. Louis Browns batting - Pitching for Greenville 84s : RHP Marcos Pineda
Batting: LHB Héctor Núñez 0-0: Ball
1-0: Ground out 4-3 (Groundball, 4M)
Batting: RHB Will Brown 0-0: Called Strike
0-1: Ball
1-1: Fly out, F7 (Flyball, 78D)
Batting: LHB Víctor Hernández 0-0: Called Strike
0-1: Ball
1-1: Ball
2-1: Ball
3-1: Swinging Strike
3-2: Base on Balls
Batting: RHB Mario Rosales 0-0: Ball
1-0: Swinging Strike
1-1: Fly out, F8 (Flyball, 8RM)
Bottom of the 5th over - 0 run(s), 0 hit(s), 0 error(s), 1 left on base; Greenville 1 - St. Louis 6
TOP OF THE 6TH
Greenville 84s batting - Pitching for St. Louis Browns : RHP John Allan
Batting: LHB Chris Moore 0-0: Foul Ball, location: 2F
0-1: Ball
1-1: Ball
2-1: Called Strike
2-2: Foul Ball, location: 2F
2-2: Foul Ball, location: 2F
2-2: Foul Ball, location: 2F
2-2: Foul Ball, location: 2F
2-2: Foul Ball, location: 2F
2-2: Ball
3-2: Ground out 5-3 (Groundball, 56)
Batting: RHB Enzo Díaz 0-0: Called Strike
0-1: Foul Ball, location: 2F
0-2: Reached on error, E6 (Groundball, 56)
Batting: LHB Jimmy Vickers 0-0: Swinging Strike
0-1: Swinging Strike
0-2: Ball
1-2: Strikes out swinging
Batting: LHB Paco Rosas 0-0: Ground out 4-3 (Groundball, 4)
Top of the 6th over - 0 run(s), 0 hit(s), 1 error(s), 1 left on base; Greenville 1 - St. Louis 6
BOTTOM OF THE 6TH
St. Louis Browns batting - Pitching for Greenville 84s : RHP Marcos Pineda
Batting: LHB Joe Sanders 0-0: Ground out 4-3 (Groundball, 4M)
Batting: LHB Mike Hill 0-0: Foul Ball, location: 2F
0-1: Foul Ball, location: 2F
0-2: Ball
1-2: Ground out 6-3 (Groundball, 6M)
Batting: LHB Mario García 0-0: Called Strike
0-1: Foul Ball, location: 2F
0-2: Ball
1-2: Strikes out swinging
Bottom of the 6th over - 0 run(s), 0 hit(s), 0 error(s), 0 left on base; Greenville 1 - St. Louis 6
TOP OF THE 7TH
Greenville 84s batting - Pitching for St. Louis Browns : RHP John Allan
Batting: LHB Kiyonaga Morita 0-0: Foul Ball, location: 2F
0-1: Called Strike
0-2: Foul Ball, location: 2F
0-2: Ball
1-2: Strikes out looking
Batting: LHB Vicente Bueno 0-0: Called Strike
0-1: Ball
1-1: Ball
2-1: Ball
3-1: Fly out, F4 (Line Drive, 4)
Batting: LHB Al Mills 0-0: Swinging Strike
0-1: Ball
1-1: Ball
2-1: Swinging Strike
2-2: Strikes out swinging
Top of the 7th over - 0 run(s), 0 hit(s), 0 error(s), 0 left on base; Greenville 1 - St. Louis 6
BOTTOM OF THE 7TH
St. Louis Browns batting - Pitching for Greenville 84s : RHP Marcos Pineda
Pitching: RHP Tommy Smith
Batting: RHB Richard Coker 0-0: Called Strike
0-1: Ball
1-1: Foul Ball, location: 2F
1-2: Strikes out swinging
Batting: LHB Jorge Torres 0-0: Fly out, F5 (Popup, 5F)
Batting: LHB Héctor Núñez 0-0: Called Strike
0-1: Foul Ball, location: 2F
0-2: Ball
1-2: Foul Ball, location: 2F
1-2: Ball
2-2: Ball
3-2: Strikes out swinging
Bottom of the 7th over - 0 run(s), 0 hit(s), 0 error(s), 0 left on base; Greenville 1 - St. Louis 6
TOP OF THE 8TH
Greenville 84s batting - Pitching for St. Louis Browns : RHP John Allan
Pitching: RHP Beau Brown
Batting: LHB Brock Larsen 0-0: Called Strike
0-1: Ball
1-1: Ball
2-1: Foul Ball, location: 2F
2-2: Strikes out looking
Batting: RHB Carlos Torres 0-0: Swinging Strike
0-1: Foul Ball, location: 2F
0-2: Ball
1-2: Foul Ball, location: 2F
1-2: Foul Ball, location: 2F
1-2: Strikes out swinging
Batting: LHB Chris Moore 0-0: Called Strike
0-1: Ball
1-1: Foul Ball, location: 2F
1-2: Strikes out swinging
Top of the 8th over - 0 run(s), 0 hit(s), 0 error(s), 0 left on base; Greenville 1 - St. Louis 6
BOTTOM OF THE 8TH
St. Louis Browns batting - Pitching for Greenville 84s : RHP Tommy Smith
Batting: RHB Will Brown 0-0: Ball
1-0: Called Strike
1-1: Foul Ball, location: 2F
1-2: Ground out 6-3 (Groundball, 6)
Batting: LHB Víctor Hernández 0-0: Ball
1-0: Ball
2-0: Ball
3-0: Ground out 4-3 (Groundball, 34)
Batting: RHB Mario Rosales 0-0: Swinging Strike
0-1: Ground out 1-3 (Groundball, 25)
Bottom of the 8th over - 0 run(s), 0 hit(s), 0 error(s), 0 left on base; Greenville 1 - St. Louis 6
TOP OF THE 9TH
Greenville 84s batting - Pitching for St. Louis Browns : RHP Beau Brown
Now at SS: Tommy Evans
Batting: RHB Enzo Díaz 0-0: Swinging Strike
0-1: Foul Ball, location: 2F
0-2: Ball
1-2: Ball
2-2: Ball
3-2: DOUBLE (Groundball, 5L)
Batting: LHB Jimmy Vickers 0-0: Called Strike
0-1: DOUBLE (Line Drive, 78XD)
Enzo Díaz scores
Batting: LHB Paco Rosas 0-0: Ball
1-0: Foul Ball, location: 2F
1-1: Foul Ball, location: 2F
1-2: SINGLE (Groundball, 3D)
Jimmy Vickers to third
Pitching: LHP Brent Miller
Batting: LHB Kiyonaga Morita 0-0: Fly out, F7 (Flyball, 78M)
Runner from 3rd tags up, SCORES, throw made
Batting: LHB Vicente Bueno 0-0: Fielders Choice at 2nd, 3-6 (Groundball, 3)
Batting: LHB Al Mills 0-0: Swinging Strike
0-1: Swinging Strike
0-2: Strikes out looking
Top of the 9th over - 2 run(s), 3 hit(s), 0 error(s), 1 left on base; Greenville 3 - St. Louis 6
This league is powered by Out of the Park Baseball, the baseball management simulation game for PC, Mac and Linux
Saturday, April 9th, 2016 - OOTP Baseball 16.8 Build 38